PL
PHILADELPHIA 1776 BC @ VANCOUVER GREY WOLVES
06/28/2033
 
TOP OF THE 1ST
Philadelphia 1776 BC batting - Pitching for Vancouver Grey Wolves : LHP Gerardo Pagán
Pitching: LHP Gerardo Pagán
Batting: RHB Mario Castillo 0-0: Foul Ball, location: 2F
0-1: Foul Ball, location: 2F
0-2: Ball
1-2: Ball
2-2: Strikes out swinging
Batting: RHB Eddie Sachs 0-0: Ball
1-0: Foul Ball, location: 2F
1-1: DOUBLE (Flyball, 8RXD)
Batting: RHB Karl Blanke 0-0: Ball
1-0: Swinging Strike
1-1: Swinging Strike
1-2: Ground out 6-3 (Groundball, 6)
Batting: RHB Phil Moore 0-0: Ground out 6-3 (Groundball, 6MD)
Top of the 1st over - 0 runs, 1 hit, 0 errors, 1 left on base; Philadelphia 1776 0 - Vancouver 0
BOTTOM OF THE 1ST
Vancouver Grey Wolves batting - Pitching for Philadelphia 1776 BC : RHP Jay Mahabir
Pitching: RHP Jay Mahabir
Batting: RHB Urs van Munster 0-0: Ball
1-0: Called Strike
1-1: SOLO HOME RUN (Flyball, 9D), Distance : 355 ft
Batting: LHB Michael Malloy 0-0: Ball
1-0: Foul Ball, location: 2F
1-1: SINGLE (Flyball, 8RS)
Batting: RHB Iván Vega 0-0: Ball
1-0: Ball
2-0: Ball
3-0: Called Strike
3-1: Base on Balls
Michael Malloy to second
Batting: LHB Preston Witt 0-0: Ball
1-0: Swinging Strike
1-1: Ball
2-1: Foul Ball, location: 2F
2-2: Ball
3-2: Base on Balls
Michael Malloy to third
Iván Vega to second
Batting: RHB Hugh Mungus 0-0: Ball
1-0: Called Strike
1-1: Ball
2-1: Called Strike
2-2: Fly out, F7 (Line Drive, 7S)
Runner from 3rd tags up, SCORES, no throw
Batting: LHB Johan Kroening 0-0: Called Strike
0-1: Called Strike
0-2: Ball
1-2: Fly out, F4 (Popup, 13S)
Batting: RHB Dhyana Snigdha 0-0: Foul Ball, location: 2F
0-1: Ball
1-1: Ball
2-1: Called Strike
2-2: Fly out, F6 (Popup, 6MD)
Bottom of the 1st over - 2 runs, 2 hits, 0 errors, 2 left on base; Philadelphia 1776 0 - Vancouver 2
TOP OF THE 2ND
Philadelphia 1776 BC batting - Pitching for Vancouver Grey Wolves : LHP Gerardo Pagán
Batting: SHB Sam Quint 0-0: SINGLE (Groundball, 25) (infield hit)
Batting: LHB Manoo Satyavrat 0-0: Called Strike
0-1: Ball
1-1: Foul Ball, location: 2F
1-2: Ball
2-2: Foul Ball, location: 2F
2-2: Strikes out swinging
Batting: RHB Jesús Guzmán 0-0: Ball
1-0: Foul Ball, location: 2F
1-1: Swinging Strike
1-2: Strikes out swinging
Batting: RHB Tim Burney 0-0: Ball
1-0: Fielders Choice at 2nd, 5-4 (Groundball, 5)
Top of the 2nd over - 0 runs, 1 hit, 0 errors, 1 left on base; Philadelphia 1776 0 - Vancouver 2
BOTTOM OF THE 2ND
Vancouver Grey Wolves batting - Pitching for Philadelphia 1776 BC : RHP Jay Mahabir
Batting: LHB Gustavo Cortéz 0-0: Ball
1-0: Ball
2-0: Ball
3-0: Called Strike
3-1: Foul Ball, location: 2F
3-2: Base on Balls
Batting: RHB José Jarca 0-0: Called Strike
0-1: Ball
1-1: Called Strike
1-2: Strikes out looking
Batting: RHB Urs van Munster 0-0: Ball
1-0: Ball
2-0: Called Strike
2-1: SINGLE (Groundball, 5S) (infield hit)
Gustavo Cortéz to second
Batting: LHB Michael Malloy 0-0: Ball
1-0: Ball
2-0: Ball
3-0: Called Strike
3-1: Base on Balls
Gustavo Cortéz to third
Urs van Munster to second
Batting: RHB Iván Vega 0-0: Called Strike
0-1: Ball
1-1: Ball
2-1: Foul Ball, location: 2F
2-2: Grounds into double play, 5-4-3 (Groundball, 56)
Bottom of the 2nd over - 0 runs, 1 hit, 0 errors, 2 left on base; Philadelphia 1776 0 - Vancouver 2
TOP OF THE 3RD
Philadelphia 1776 BC batting - Pitching for Vancouver Grey Wolves : LHP Gerardo Pagán
Batting: RHB Mikko Haataja 0-0: SINGLE (Groundball, 56D)
Batting: RHB Mario Castillo 0-0: Ball
1-0: Foul Ball, location: 2F
1-1: Ball
2-1: SINGLE (Line Drive, 34D)
Mikko Haataja to second
Batting: RHB Eddie Sachs 0-0: Swinging Strike
0-1: Grounds into double play, 5-4-3 (Groundball, 5D)
Mikko Haataja to third
Batting: RHB Karl Blanke 0-0: Swinging Strike
0-1: DOUBLE (Line Drive, 7D)
Mikko Haataja scores
Batting: RHB Phil Moore 0-0: Ball
1-0: Ball
2-0: Called Strike
2-1: Ball
3-1: Base on Balls
Batting: SHB Sam Quint 0-0: Hit by Pitch
Karl Blanke to third
Phil Moore to second
Batting: LHB Manoo Satyavrat 0-0: Called Strike
0-1: Ball
1-1: Foul Ball, location: 2F
1-2: Strikes out swinging
Top of the 3rd over - 1 run, 3 hits, 0 errors, 3 left on base; Philadelphia 1776 1 - Vancouver 2
BOTTOM OF THE 3RD
Vancouver Grey Wolves batting - Pitching for Philadelphia 1776 BC : RHP Jay Mahabir
Batting: LHB Preston Witt 0-0: Ball
1-0: Ball
2-0: Ball
3-0: Base on Balls
Batting: RHB Hugh Mungus 0-0: Foul Ball, location: 2F
0-1: Ball
1-1: Called Strike
1-2: Strikes out swinging
Batting: LHB Johan Kroening 0-0: 2-RUN HOME RUN (Flyball, 89XD), Distance : 458 ft
Batting: RHB Dhyana Snigdha 0-0: Ball
1-0: Ball
2-0: Called Strike
2-1: Ball
3-1: Base on Balls
Batting: LHB Gustavo Cortéz 0-0: Ball
Dhyana Snigdha steals 2nd base
1-0: Ground out 4-3 (Groundball, 4)
Dhyana Snigdha to third
Batting: RHB José Jarca 0-0: Called Strike
0-1: Ball
1-1: Called Strike
1-2: Foul Ball, location: 2F
1-2: Fly out, F7 (Flyball, 7LM)
Bottom of the 3rd over - 2 runs, 1 hit, 0 errors, 1 left on base; Philadelphia 1776 1 - Vancouver 4
TOP OF THE 4TH
Philadelphia 1776 BC batting - Pitching for Vancouver Grey Wolves : LHP Gerardo Pagán
Batting: RHB Jesús Guzmán 0-0: Foul Ball, location: 2F
0-1: Ball
1-1: Foul Ball, location: 2F
1-2: Fly out, F9 (Flyball, 89D)
Batting: RHB Tim Burney 0-0: Called Strike
0-1: Ground out U3 (Groundball, 34)
Batting: RHB Mikko Haataja 0-0: Called Strike
0-1: Foul Ball, location: 2F
0-2: Strikes out swinging
Top of the 4th over - 0 runs, 0 hits, 0 errors, 0 left on base; Philadelphia 1776 1 - Vancouver 4
BOTTOM OF THE 4TH
Vancouver Grey Wolves batting - Pitching for Philadelphia 1776 BC : RHP Jay Mahabir
Batting: RHB Urs van Munster 0-0: Ball
1-0: Foul Ball, location: 2F
1-1: Ball
2-1: SINGLE (Groundball, 4MD)
Batting: LHB Michael Malloy 0-0: Ball
1-0: Ball
2-0: Ball
3-0: Base on Balls
Urs van Munster to second
Batting: RHB Iván Vega 0-0: Swinging Strike
0-1: Ball
1-1: Called Strike
1-2: Strikes out swinging
Batting: LHB Preston Witt 0-0: Ball
1-0: Ball
Urs van Munster is caught stealing 3rd base
2-0: Ball
3-0: Base on Balls
Michael Malloy to second
Batting: RHB Hugh Mungus 0-0: Foul Ball, location: 2F
0-1: Called Strike
0-2: Foul Ball, location: 2F
0-2: Foul Ball, location: 2F
0-2: Strikes out looking
Bottom of the 4th over - 0 runs, 1 hit, 0 errors, 2 left on base; Philadelphia 1776 1 - Vancouver 4
TOP OF THE 5TH
Philadelphia 1776 BC batting - Pitching for Vancouver Grey Wolves : LHP Gerardo Pagán
Batting: RHB Mario Castillo 0-0: Ball
1-0: Ball
2-0: Ball
3-0: Called Strike
3-1: TRIPLE (Flyball, 8RXD)
Batting: RHB Eddie Sachs 0-0: Called Strike
0-1: Ground out 6-3 (Groundball, 6)
Mario Castillo scores
Batting: RHB Karl Blanke 0-0: Ball
1-0: Called Strike
1-1: Called Strike
1-2: Strikes out swinging
Batting: RHB Phil Moore 0-0: Called Strike
0-1: Swinging Strike
0-2: Ball
1-2: DOUBLE (Flyball, 8RXD)
Batting: SHB Sam Quint 0-0: Called Strike
0-1: SINGLE (Line Drive, 7S)
Phil Moore to third
Runner from 3rd tries for Home, SAFE, no throw
Batting: LHB Manoo Satyavrat 0-0: Fly out, F8 (Flyball, 89M)
Top of the 5th over - 2 runs, 3 hits, 0 errors, 1 left on base; Philadelphia 1776 3 - Vancouver 4
BOTTOM OF THE 5TH
Vancouver Grey Wolves batting - Pitching for Philadelphia 1776 BC : RHP Jay Mahabir
Batting: LHB Johan Kroening 0-0: Ball
1-0: Called Strike
1-1: Ball
2-1: Called Strike
2-2: DOUBLE (Line Drive, 9D)
Pitching: LHP Will Hoffman
Batting: RHB Dhyana Snigdha 0-0: Ball
1-0: Ground out 6-3 (Groundball, 6S)
Johan Kroening to third
Batting: LHB Gustavo Cortéz 0-0: Called Strike
0-1: Fly out, F8 (Flyball, 8LXD)
Runner from 3rd tags up, SCORES, no throw
Batting: RHB José Jarca 0-0: Ball
1-0: Swinging Strike
1-1: Foul Ball, location: 2F
1-2: Fly out, F8 (Flyball, 8LM)
Bottom of the 5th over - 1 run, 1 hit, 0 errors, 0 left on base; Philadelphia 1776 3 - Vancouver 5
TOP OF THE 6TH
Philadelphia 1776 BC batting - Pitching for Vancouver Grey Wolves : LHP Gerardo Pagán
Batting: RHB Jesús Guzmán 0-0: Called Strike
0-1: Ball
1-1: Ball
2-1: Called Strike
2-2: Strikes out swinging
Batting: RHB Tim Burney 0-0: Ball
1-0: Foul Ball, location: 2F
1-1: Foul Ball, location: 2F
1-2: Foul Ball, location: 2F
1-2: Ball
2-2: Ball
3-2: Strikes out looking
Batting: RHB Mikko Haataja 0-0: SINGLE (Groundball, 6MD)
Batting: RHB Mario Castillo 0-0: Ball
1-0: Ball
2-0: Foul Ball, location: 2F
2-1: Foul Ball, location: 2F
2-2: Foul Ball, location: 2F
2-2: Strikes out swinging
Top of the 6th over - 0 runs, 1 hit, 0 errors, 1 left on base; Philadelphia 1776 3 - Vancouver 5
BOTTOM OF THE 6TH
Vancouver Grey Wolves batting - Pitching for Philadelphia 1776 BC : LHP Will Hoffman
Batting: RHB Urs van Munster 0-0: SINGLE (Groundball, 34S) (infield hit)
Batting: LHB Michael Malloy 0-0: Ball
1-0: Ball
2-0: Ball
3-0: Called Strike
3-1: Called Strike
3-2: Fly out, F8 (Line Drive, 8LD)
Runner from 1st tags up, SAFE at 2nd
Batting: RHB Iván Vega 0-0: Swinging Strike
0-1: Ball
1-1: Swinging Strike
1-2: Ball
2-2: Ball
3-2: Base on Balls
Batting: LHB Preston Witt 0-0: Called Strike
Urs van Munster steals 3rd base
Iván Vega to second
0-1: Ball
1-1: Swinging Strike
1-2: 3-RUN HOME RUN (Flyball, 9D), Distance : 354 ft
Batting: RHB Hugh Mungus 0-0: Called Strike
0-1: Ball
1-1: Ball
2-1: Swinging Strike
2-2: Ball
3-2: Strikes out looking
Batting: LHB Johan Kroening 0-0: Swinging Strike
0-1: Foul Ball, location: 2F
0-2: Ball
1-2: Ball
2-2: Foul Ball, location: 2F
2-2: Strikes out looking
Bottom of the 6th over - 3 runs, 2 hits, 0 errors, 0 left on base; Philadelphia 1776 3 - Vancouver 8
TOP OF THE 7TH
Philadelphia 1776 BC batting - Pitching for Vancouver Grey Wolves : LHP Gerardo Pagán
Batting: RHB Eddie Sachs 0-0: Fly out, F3 (Popup, 3SF)
Batting: RHB Karl Blanke 0-0: Ball
1-0: Ball
2-0: Ball
3-0: Called Strike
3-1: Called Strike
3-2: DOUBLE (Flyball, 8RXD)
Batting: RHB Phil Moore 0-0: Ball
1-0: Ball
2-0: Ball
3-0: Base on Balls
Pitching: RHP Kent Clement
Batting: SHB Sam Quint 0-0: Ball
1-0: SINGLE (Groundball, 4MD)
Karl Blanke to third
Phil Moore to second
Batting: LHB Manoo Satyavrat 0-0: Ball
1-0: Swinging Strike
1-1: Foul Ball, location: 2F
1-2: Ball
2-2: DOUBLE (Line Drive, 9LD)
Karl Blanke scores
Phil Moore scores
Sam Quint to third
Batting: RHB Jesús Guzmán 0-0: Ball
1-0: Ball
2-0: Ball
3-0: Called Strike
3-1: Base on Balls
Batting: RHB Tim Burney 0-0: Ball
1-0: Ball
2-0: Called Strike
2-1: Swinging Strike
2-2: Ball
3-2: Base on Balls
Sam Quint scores
Manoo Satyavrat to third
Jesús Guzmán to second
Pinch Hitting: LHB José Rodríguez 0-0: Swinging Strike
0-1: Swinging Strike
0-2: Fly out, F9 (Flyball, 9D)
Runner from 3rd tags up, OUT at HOME
Top of the 7th over - 3 runs, 3 hits, 0 errors, 2 left on base; Philadelphia 1776 6 - Vancouver 8
BOTTOM OF THE 7TH
Vancouver Grey Wolves batting - Pitching for Philadelphia 1776 BC : LHP Will Hoffman
Pitching: RHP Jaime van de Weideven
Now at SS: Kent Summey
Batting: RHB Dhyana Snigdha 0-0: Fly out, F8 (Flyball, 8RS)
Batting: LHB Gustavo Cortéz 0-0: Ball
1-0: Ball
2-0: Called Strike
2-1: Ball
3-1: Foul Ball, location: 2F
3-2: Strikes out swinging
Batting: RHB José Jarca 0-0: Ball
1-0: Foul Ball, location: 2F
1-1: Ball
2-1: Called Strike
2-2: Ball
3-2: Foul Ball, location: 2F
3-2: Strikes out looking
Bottom of the 7th over - 0 runs, 0 hits, 0 errors, 0 left on base; Philadelphia 1776 6 - Vancouver 8
TOP OF THE 8TH
Philadelphia 1776 BC batting - Pitching for Vancouver Grey Wolves : RHP Kent Clement
Pitching: LHP Sjaak Bonne
Now at 1B: Hank Scorpio
Batting: RHB Mario Castillo 0-0: SINGLE (Groundball, 6) (infield hit)
Batting: RHB Eddie Sachs 0-0: Ball
1-0: Ball
2-0: Ball
3-0: Base on Balls
Mario Castillo to second
Batting: RHB Karl Blanke 0-0: Ball
1-0: DOUBLE (Groundball, 5L)
Mario Castillo scores
Eddie Sachs to third
Batting: RHB Phil Moore 0-0: Swinging Strike
0-1: Called Strike
0-2: Ball
1-2: Strikes out swinging
Batting: SHB Sam Quint 0-0: Ball
1-0: Fly out, F7 (Flyball, 78M)
Pinch Hitting: RHB Kevin Malone 0-0: Ball
1-0: Foul Ball, location: 2F
1-1: Swinging Strike
1-2: Strikes out swinging
Top of the 8th over - 1 run, 2 hits, 0 errors, 2 left on base; Philadelphia 1776 7 - Vancouver 8
BOTTOM OF THE 8TH
Vancouver Grey Wolves batting - Pitching for Philadelphia 1776 BC : RHP Jaime van de Weideven
Now in RF: Juan Montés
Batting: RHB Urs van Munster 0-0: Ball
1-0: Called Strike
1-1: Called Strike
1-2: Ball
2-2: Ball
3-2: Base on Balls
Batting: LHB Michael Malloy 0-0: Foul Ball, location: 2F
0-1: Ball
1-1: Ball
2-1: Swinging Strike
2-2: Ball
3-2: Base on Balls
Urs van Munster to second
Batting: RHB Hank Scorpio 0-0: Ball
1-0: Ball
Urs van Munster steals 3rd base
Michael Malloy to second
2-0: Foul Ball, location: 2F
2-1: Ground out 3-1 (Groundball, 34S)
Batting: LHB Preston Witt 0-0: Ball
1-0: Ball
2-0: SINGLE (Line Drive, 56)
Urs van Munster scores
Michael Malloy to third
Runner from 3rd tries for Home, SAFE, throw made home
Batting: RHB Hugh Mungus 0-0: Called Strike
0-1: Called Strike
0-2: Ball
1-2: Ball
2-2: Strikes out swinging
Batting: LHB Johan Kroening 0-0: Ball
1-0: SINGLE (Line Drive, 9S)
Preston Witt to second
Batting: RHB Dhyana Snigdha 0-0: Called Strike
0-1: SINGLE (Groundball, 6D)
Preston Witt to third
Johan Kroening to second
Runner from 3rd tries for Home, SAFE, no throw
Pitching: LHP Masami Kogawa
Batting: LHB Gustavo Cortéz 0-0: DOUBLE (Flyball, 8LXD)
Johan Kroening scores
Dhyana Snigdha to third
Batting: RHB José Jarca 0-0: Swinging Strike
0-1: Called Strike
0-2: Foul Ball, location: 2F
0-2: Strikes out swinging
Bottom of the 8th over - 4 runs, 4 hits, 0 errors, 2 left on base; Philadelphia 1776 7 - Vancouver 12
TOP OF THE 9TH
Philadelphia 1776 BC batting - Pitching for Vancouver Grey Wolves : LHP Sjaak Bonne
Batting: RHB Jesús Guzmán 0-0: Called Strike
0-1: Ball
1-1: Foul Ball, location: 2F
1-2: Strikes out swinging
Batting: RHB Tim Burney 0-0: Ball
1-0: Ball
2-0: Ball
3-0: Base on Balls
Batting: RHB Kent Summey 0-0: Grounds into double play, 6-4-3 (Groundball, 6)
Top of the 9th over - 0 runs, 0 hits, 0 errors, 0 left on base; Philadelphia 1776 7 - Vancouver 12
Saturday, December 22nd, 2018 - OOTP Baseball 18.8 Build 76